 Dungeon Crawl Stone Soup version 0.21.0-30-g47ce8e4 (webtiles) character file.

4904 vishdafish the Poker (level 10, -7/77 HPs)
             Began as a Demonspawn Skald on Jan 28, 2018.
             Was a Priest of Nemelex Xobeh.
             Hit by a large rock thrown by a cyclops (26 damage)
             ... on level 12 of the Dungeon.
             The game lasted 00:23:14 (10165 turns).

vishdafish the Poker (Demonspawn Skald)            Turns: 10165, Time: 00:23:14

Health: -7/77      AC: 10    Str: 11    XL:     10   Next: 27%
Magic:  16/16      EV: 14    Int: 15    God:    Nemelex Xobeh [***...]
Gold:   735        SH:  0    Dex: 14    Spells: 16/17 levels left

rFire    + . .     SeeInvis +   g - +3 glaive
rCold    . . .     Gourm    .   (shield currently unavailable)
rNeg     + . .     Faith    .   j - +0 robe
rPois    .         Spirit   .   (helmet unavailable)
rElec    .         Reflect  .   (no cloak)
rCorr    .         Harm     .   (no gloves)
MR       .....                  J - +0 pair of boots of a Million Ghosts {rN+ Int-2 Slay+3} (curse)
Stlth    +.........             (no amulet)
HPRegen  0.22/turn              r - ring of see invisible
MPRegen  0.15/turn              p - +3 ring of protection

@: infused
A: antennae 3, iridescent scales 2, fire resistance 1, flame cloud immunity
a: Triple Draw, Renounce Religion


You were on level 12 of the Dungeon.
You worshipped Nemelex Xobeh.
Nemelex Xobeh was most pleased with you.
You were not hungry.

You visited 1 branch of the dungeon, and saw 11 of its levels.

You collected 735 gold pieces.

Inventory:

Hand Weapons
 a - a +0 spear
 g - a +3 glaive (weapon)
Missiles
 k - 3 curare-tipped needles
 K - 2 throwing nets (quivered)
Armour
 b - a +0 leather armour
 j - a +0 robe (worn)
 J - the cursed +0 pair of boots of a Million Ghosts (worn) {rN+ Int-2 Slay+3}
   (You found it on level 7 of the Dungeon)

   It affects your intelligence (-2).
   It affects your accuracy and damage with ranged weapons and melee attacks
   (+3).
   It protects you from negative energy.
   It has a curse placed upon it.
Jewellery
 m - an uncursed ring of resist corrosion
 p - a +3 ring of protection (right hand)
 r - a ring of see invisible (left hand)
 B - an uncursed ring of ice
Wands
 y - a wand of polymorph (26)
Scrolls
 f - 3 scrolls of random uselessness
 h - 7 scrolls of remove curse
 i - 4 scrolls of fear
 n - 4 scrolls of blinking {unknown}
 o - 4 scrolls of teleportation
 u - 2 scrolls of magic mapping {unknown}
 C - 2 scrolls of fog
 I - a scroll of immolation {unknown}
 M - a scroll of noise {unknown}
Potions
 e - a potion of haste
 l - 3 potions of flight
 q - a potion of degeneration
 v - 2 potions of curing
 x - 2 potions of might
 z - 2 potions of magic
 E - 2 potions of brilliance
 F - a potion of lignification
 H - 2 potions of mutation {unknown}
 L - a potion of agility {unknown}
Books
 c - a book of Battle

   Spells                             Type                      Level
   a - Infusion                       Charms                       1
   b - Shroud of Golubria             Charms/Translocation         2
   c - Song of Slaying                Charms                       2
   d - Spectral Weapon                Hexes/Charms                 3
   e - Regeneration                   Charms/Necromancy            3
 s - a book of Cantrips

   Spells                             Type                      Level
   a - Confusing Touch                Hexes                        1
   b - Animate Skeleton               Necromancy                   1
   c - Summon Small Mammal            Summoning                    1
   d - Apportation                    Translocation                1
 A - a book of Changes

   Spells                             Type                      Level
   a - Beastly Appendage              Transmutation                1
   b - Sticks to Snakes               Transmutation                2
   c - Spider Form                    Transmutation/Poison         3
   d - Ice Form                       Ice/Transmutation            4
   e - Blade Hands                    Transmutation                5
Miscellaneous
 t - a plain deck of summoning {drawn: 10}
 D - a legendary deck of destruction
 G - a plain deck of summoning
Comestibles
 d - 20 rations


   Skills:
 - Level 6.6 Fighting
 + Level 6.9 Polearms
 - Level 5.2 Armour
 + Level 4.7 Dodging
 + Level 4.4 Spellcasting
 - Level 6.0 Charms
 - Level 6.6 Invocations


You had 16 spell levels left.
You knew the following spells:

 Your Spells              Type           Power        Failure   Level  Hunger
a - Infusion              Chrm           ###.         1%          1    None


Dungeon Overview and Level Annotations

Branches:
Dungeon (10/15)            Temple (0/1) D:7            Lair (0/6) D:9
    Orc: D:9-12

Altars:
Ashenzari
Nemelex Xobeh
Okawaru
Qazlal
Sif Muna
Uskayaw
Vehumet
Xom


Innate Abilities, Weirdness & Mutations

You have a pair of large antennae on your head. (SInv)
You are mostly covered in iridescent scales. (AC +4)
Your flesh is heat resistant. (rF+)
You are immune to clouds of flame.


Message History

The cyclops hits you!!
* * * LOW HITPOINT WARNING * * *
Evoke which item? (* to show all) (? for menu, Esc to quit)
Okay, then.
You feel much better. The cyclops hits you.
Evoke which item? (* to show all) (? for menu, Esc to quit)
You draw a card...
It is the Dance.
The cyclops hits you!!
* * * LOW HITPOINT WARNING * * *
You swap places.
The cyclops throws a large rock.
The large rock hits your hand axe "Pashear" {holy, +Fly MP-9 Int+2}!
Your hand axe "Pashear" {holy, +Fly MP-9 Int+2} is destroyed!
You see here a large rock.
Evoke which item? (* to show all) (? for menu, Esc to quit)
You draw a card...
It is the Illusion.
Suddenly you stand beside yourself.
Vishdafish's illusion hits the cyclops but does no damage.
Evoke which item? (* to show all) (? for menu, Esc to quit)
You draw a card...
It is Foxfire.
The cyclops throws a large rock.
The large rock hits you!!
You die...
Your body disappears without a glow.

### #.. #.# #.#
# #.#
####.####C##
......l@(.@###.#
####...l.......#
#...###..####.
#.#. ...... # .
#..#### #. #..#
. #..# .# ..#
..#


You could see a cyclops, a wyvern, a friendly wyvern and the friendly
vishdafish's illusion.

Vanquished Creatures
  An unseen horror (D:10)
  The ghost of Wanze the Skirmisher, a novice GnWn (D:5)
  Prince Ribbit (D:8)
  A slime creature (D:10)
  Sigmund (D:2)
  A hog (D:7)
  A human (D:7)
  A warg (D:6)
  An ice beast (D:10)
  An orc warrior (D:6)
  A sky beast (D:7)
  A black bear (D:9)
  2 phantoms
  2 centaurs (D:8)
  6 ogres
  5 bullfrogs
  A scorpion (D:7)
  2 howler monkeys
  2 crimson imps
  A centaur zombie (D:8)
  2 hounds
  A jelly (D:10)
  A bullfrog skeleton (D:4)
  9 orc wizards
  Jessica (D:2)
  Terence (D:2)
  6 worker ants
  2 hound zombies
  5 adders
  2 shadow imps (D:6)
  3 adder zombies
  3 leopard geckos
  10 orcs
  3 giant cockroaches
  6 goblins
  5 hobgoblins
  9 jackals
  9 kobolds
  4 quokkas
  4 ball pythons
  3 bats
  7 frilled lizards
  A jackal skeleton (D:6)
  A quokka zombie (D:4)
  8 rats
139 creatures vanquished.

Vanquished Creatures (collateral kills)
  2 slime creatures (D:9)
  A yak (D:7)
  2 hogs (D:7)
  An ice beast (D:6)
  An ogre (D:3)
  A howler monkey (D:6)
  A hound (D:10)
  An orc wizard (D:4)
  The ghost of letownia2 the Magician, a weakling FoWz (D:6)
  A gnoll (D:6)
  5 orcs
  A goblin (D:6)
  A hobgoblin (D:3)
  2 kobolds (D:6)
21 creatures vanquished.

Grand Total: 160 creatures vanquished

Notes
Turn   | Place    | Note
-------+----------+-------------------------------------------
     0 | D:1      | vishdafish the Demonspawn Skald began the quest for the Orb.
     0 | D:1      | Reached XP level 1. HP: 16/16 MP: 3/3
   220 | D:1      | Reached skill level 1 in Armour
   419 | D:1      | Gained mutation: You have a pair of small antennae on your head. [demonic ancestry]
   419 | D:1      | Reached XP level 2. HP: 20/22 MP: 5/5
  1163 | D:1      | Reached XP level 3. HP: 28/28 MP: 6/6
  1375 | D:2      | Noticed Terence
  1387 | D:2      | Killed Terence
  1596 | D:2      | Found a shattered altar of Ashenzari.
  1696 | D:2      | Noticed Jessica
  1700 | D:2      | Killed Jessica
  1700 | D:2      | Gained mutation: You are partially covered in iridescent scales. (AC +2) [demonic ancestry]
  1700 | D:2      | Reached XP level 4. HP: 31/34 MP: 7/7
  1761 | D:2      | Noticed Sigmund
  2063 | D:3      | Found a sparkling altar of Nemelex Xobeh.
  2091 | D:3      | Became a worshipper of Nemelex Xobeh the Trickster
  2123 | D:3      | Received a gift from Nemelex Xobeh
  2572 | D:3      | Noticed an ogre
  2588 | D:3      | Killed an ogre
  2588 | D:3      | Reached skill level 1 in Invocations
  2588 | D:3      | Gained mutation: Your flesh is heat resistant. (rF+) [demonic ancestry]
  2588 | D:3      | Reached XP level 5. HP: 10/40 MP: 8/8
  3215 | D:4      | Reached XP level 6. HP: 44/47 MP: 4/10
  3244 | D:4      | Noticed a dagger
  3244 | D:4      | Noticed a hand axe
  3246 | D:4      | Found a hide-covered altar of Uskayaw.
  3923 | D:4      | Reached * piety under Nemelex Xobeh
  3987 | D:2      | Found a radiant altar of Vehumet.
  4510 | D:2      | Killed Sigmund
  4510 | D:2      | Gained mutation: You have a pair of antennae on your head. [demonic ancestry]
  4510 | D:2      | Reached XP level 7. HP: 52/52 MP: 1/11
  4585 | D:5      | Entered Level 5 of the Dungeon
  5162 | D:6      | Reached skill level 5 in Invocations
  5894 | D:6      | Received a gift from Nemelex Xobeh
  5917 | D:6      | Gained mutation: You are mostly covered in iridescent scales. (AC +4) [demonic ancestry]
  5917 | D:6      | Reached XP level 8. HP: 17/58 MP: 13/13
  5959 | D:6      | Noticed letownia2's ghost (weakling FoWz)
  5963 | D:6      | Killed letownia2's ghost
  6162 | D:6      | Found an iron altar of Okawaru.
  6181 | D:6      | Found a deep blue altar of Sif Muna.
  7626 | D:5      | Noticed Wanze's ghost (novice GnWn)
  7632 | D:5      | Killed Wanze's ghost
  7632 | D:5      | Reached skill level 5 in Polearms
  7632 | D:5      | Gained mutation: You are immune to clouds of flame. [demonic ancestry]
  7632 | D:5      | Reached XP level 9. HP: 65/67 MP: 9/15
  7797 | D:7      | Reached ** piety under Nemelex Xobeh
  7874 | D:7      | Reached skill level 5 in Fighting
  8096 | D:7      | Received a gift from Nemelex Xobeh
  8262 | D:7      | Found a staircase to the Ecumenical Temple.
  8300 | D:7      | Found a stormy altar of Qazlal.
  8335 | D:7      | Got a pair of twisted boots
  8341 | D:7      | Identified the cursed +0 pair of boots of a Million Ghosts {rN+ Int-2 Slay+3} (You found it on level 7 of the Dungeon)
  8633 | D:8      | Reached skill level 5 in Charms
  9118 | D:8      | Noticed Prince Ribbit
  9130 | D:8      | Killed Prince Ribbit
  9154 | D:8      | Reached *** piety under Nemelex Xobeh
  9597 | D:9      | Found a shimmering altar of Xom.
  9622 | D:9      | Received a gift from Nemelex Xobeh
  9677 | D:9      | Found a staircase to the Lair.
  9712 | D:10     | Entered Level 10 of the Dungeon
  9745 | D:10     | Reached skill level 5 in Armour
  9776 | D:10     | Noticed an unseen horror
  9783 | D:10     | Gained mutation: You have a pair of large antennae on your head. (SInv) [demonic ancestry]
  9783 | D:10     | Reached XP level 10. HP: 31/77 MP: 16/16
  9789 | D:10     | Killed an unseen horror
 10072 | D:10     | Noticed a gargoyle
 10149 | D:9      | You fall through a shaft for 3 floors!
 10150 | D:12     | Noticed a cyclops
 10165 | D:12     | Hit by a large rock thrown by a cyclops

Skill      XL: |  1  2  3  4  5  6  7  8  9 10 |
---------------+-------------------------------+-----
Armour         | 1 3 5 |  5.2
Polearms       | 2 3 4 5 6 |  6.9
Dodging        | 2 3 4 |  4.7
Charms         | 3 4 5 6 |  6.0
Invocations    | 1 2 4 6 |  6.6
Fighting       | 3 4 6 |  6.6
Spellcasting   | 3 4 |  4.4

Action                   |  1- 3 |  4- 6 |  7- 9 | 10-12 || total
-------------------------+-------+-------+-------+-------++-------
Melee: Spear             |   132 |   234 |   174 |       ||   540
       Glaive            |       |       |   237 |    17 ||   254
 Cast: Infusion          |     4 |     6 |    19 |     4 ||    33
Evoke: Deck              |       |     4 |     6 |     4 ||    14
       Wand              |       |       |     4 |       ||     4
  Use: Scroll            |       |       |    13 |     1 ||    14
       Potion            |       |       |     4 |     1 ||     5
 Stab: Sleeping          |     1 |     4 |     2 |     1 ||     8
       Distracted        |       |       |     2 |       ||     2
  Eat: Chunk             |     1 |     7 |    12 |       ||    20
       Ration            |       |     1 |     2 |       ||     3
Armor: Leather armour    |    21 |       |       |       ||    21
       Robe              |     2 |    46 |   108 |     3 ||   159
       Skin              |       |     7 |    14 |       ||    21
Dodge: Dodged            |    58 |   116 |   252 |    11 ||   437
